 Dungeon Crawl Stone Soup version 0.24-a0-537-g2d01d4ab0a (webtiles) character file.

Game seed: 10164984658774583298

126 BinkBink the Poker (level 4, 0/33 HPs)
             Began as a Demonspawn Gladiator on Aug 12, 2019.
             Slain by a hound (1 damage)
             ... on level 4 of the Dungeon.
             The game lasted 00:04:18 (2644 turns).

BinkBink the Poker (Demonspawn Gladiator)           Turns: 2644, Time: 00:04:18

Health: 0/33       AC:  4    Str: 15    XL:     4   Next: 83%
Magic:  4/4        EV: 13    Int:  9    God:
Gold:   116        SH:  0    Dex: 15    Spells: 3/3 levels left

rFire    . . .     SeeInvis .   a - +0 trident
rCold    . . .     Gourm    .   (no shield)
rNeg     . . .     Faith    .   b - +0 leather armour
rPois    .         Spirit   .   c - +0 helmet
rElec    .         Reflect  .   (no cloak)
rCorr    .         Harm     .   (no gloves)
MR       .....                  (no boots)
Stlth    +.........             (no amulet)
HPRegen  0.11/turn              (no ring)
MPRegen  0.09/turn              (no ring)

@: no status effects
A: claws 1, rot immunity
a: no special abilities


You were on level 4 of the Dungeon.
You were hungry.

You visited 1 branch of the dungeon, and saw 4 of its levels.

You collected 116 gold pieces.

Inventory:

Hand Weapons
 a - a +0 trident (weapon)
Missiles
 d - 3 throwing nets
 i - 2 silver boomerangs (quivered)
Armour
 b - a +0 leather armour (worn)
 c - a +0 helmet (worn)
 o - a +0 pair of gloves
Jewellery
 m - an uncursed ring of fire {unknown}
 q - an uncursed ring of positive energy {unknown}
 t - an uncursed ring of poison resistance {unknown}
Scrolls
 h - 3 scrolls of identify {unknown}
 k - 2 scrolls of teleportation {unknown}
 p - 2 scrolls of remove curse {unknown}
 r - a scroll of fog {unknown}
 s - a scroll of noise {unknown}
Potions
 e - a potion of brilliance {unknown}
 g - 2 potions of agility {unknown}
 j - a potion of magic {unknown}
 l - a potion of might {unknown}
 n - a potion of heal wounds {unknown}
Comestibles
 f - 6 rations


   Skills:
 + Level 2.2 Fighting
 + Level 3.7 Polearms
 + Level 2.1 Throwing
 + Level 1.4 Armour
 + Level 3.5 Dodging
 + Level 0.1 Stealth


You had 3 spell levels left.
You didn't know any spells.
Your spell library was empty.

Dungeon Overview and Level Annotations

Branches:
Dungeon (4/15)
 Temple: D:4-7

Altars:
Fedhas


Innate Abilities, Weirdness & Mutations

You have sharp fingernails.
You are immune to rotting.


Message History

The adder skeleton closely misses you. The hound closely misses you.
The hound barely misses you. The hound bites you but does no damage.
You barely miss the hound. The hound bites you.
The orc priest looks encouraged for a moment.
You are too injured to fight recklessly!
You are too injured to fight recklessly!
You are too injured to fight recklessly!
You closely miss the hound. The hound misses you. x2
You hit the hound but do no damage. The hound bites you. x2
The orc priest mumbles some strange prayers to Beogh against you.
Beogh smites you!
* * * LOW HITPOINT WARNING * * *
You hear a shout!
There is a stone staircase leading up here.
The hound bites you.
* * * LOW HITPOINT WARNING * * *
The hound bites you.
You die...

#.# #.# #.# #.# #.#
#.# . #+ #.# ..o
#.####.###
.....#..oZh@..#
......)oo###.##
...".....#.#.#####.#
.........#.........#
.......###.#.#######
....... #.#.#
..##... #.#.########
. #... #.#.........
#... #.#.###########


You could see a hound, an orc priest, 2 orcs and an adder skeleton.

Vanquished Creatures
  An orc priest (D:4)
  A gnoll (D:1)
  2 adders (D:2)
  An ooze (D:2)
  A worm (D:2)
  2 dart slugs (D:3)
  2 leopard geckos
  An orc (D:3)
  9 bats
  3 giant cockroaches
  3 goblins
  3 hobgoblins (D:1)
  2 jackals (D:2)
  4 kobolds
  6 quokkas
  2 ball pythons (D:3)
  5 frilled lizards
  4 rats
52 creatures vanquished.

Notes
Turn   | Place    | Note
-------+----------+-------------------------------------------
     0 | D:1      | BinkBink the Demonspawn Gladiator began the quest for the
                  | Orb.
     0 | D:1      | Reached XP level 1. HP: 16/16 MP: 1/1
   191 | D:1      | Gained mutation: You are immune to rotting. [demonic
                  | ancestry]
   191 | D:1      | Reached XP level 2. HP: 9/22 MP: 2/2
   728 | D:2      | Reached XP level 3. HP: 24/27 MP: 3/3
   977 | D:2      | Reached skill level 1 in Armour
  1811 | D:3      | Gained mutation: You have sharp fingernails. [demonic
                  | ancestry]
  1811 | D:3      | Reached XP level 4. HP: 33/33 MP: 4/4
  2188 | D:3      | Found a blossoming altar of Fedhas.
  2644 | D:4      | HP: 1/33 [hound (1)]
  2644 | D:4      | Slain by a hound

Levels and vault maps discovered:
D:1:      nzn_arrival_crosshair, layout_rooms, serial_bayou,
          serial_bayou_ford_a, serial_bayou_pond_c, serial_bayou_shore_a,
          serial_bayou_pond_c
D:2:      layout_loops_ring
D:3:      layout_loops_cross, fedhas_altar_fruit_tree
D:4:      layout_basic, grunt_temple_overflow_open, first_ration, serial_shops,
          nicolae_shop_stone

Skill      XL: |  1  2  3 |
---------------+----------+-----
Polearms       | 3 |  3.7
Dodging        | 3 |  3.5
Armour         | 1 |  1.4
Throwing       | 2 |  2.1
Fighting       | |  2.2
Stealth        | |  0.1

Action                   |  1- 3 |  4- 6 || total
-------------------------+-------+-------++-------
Melee: Trident           |    81 |    77 ||   158
Throw: Boomerang         |    26 |    13 ||    39
 Stab: Sleeping          |     1 |     2 ||     3
  Eat: Chunk             |     2 |     3 ||     5
Armor: Leather armour    |    19 |    22 ||    41
Dodge: Dodged            |    56 |    79 ||   135

Table legend:
 A = Non-vault XP
 B = Vault XP
 C = Vault XP percentage of total XP
 D = Non-vault monster count
 E = Vault monster count
 F = Vault count percentage of total count
                 A         B        C        D         E       F
            +---------+---------+-------+---------+---------+-------
      Total |     180 |       0 |   0.0 |      52 |       0 |   0.0
            +---------+---------+-------+---------+---------+-------
        D:1 |      35 |       0 |   0.0 |      12 |       0 |   0.0
        D:2 |      57 |       0 |   0.0 |      14 |       0 |   0.0
        D:3 |      45 |       0 |   0.0 |      23 |       0 |   0.0
        D:4 |      43 |       0 |   0.0 |       3 |       0 |   0.0
            +---------+---------+-------+---------+---------+-------
